 Dungeon Crawl Stone Soup version 0.31.0-1-g2c135a008e (webtiles) character file.

Game seed: 7483656297818051759

680 qw the Shooter (level 7, -1/52 HPs)
             Began as a Djinni Hunter on Jan 23, 2024.
             Slain by an orc warrior
             ... wielding a +0 glaive of distortion
              (13 damage)
             ... on level 5 of the Dungeon.
             The game lasted 00:00:13 (2787 turns).

qw the Shooter (Djinni Hunter)                      Turns: 2787, Time: 00:00:14

Health: -1/52      AC:  9    Str: 10    XL:     7   Next: 92%
Gold:   121        EV: 12    Int: 11    God:
                   SH:  0    Dex: 24

rFire   + + .        a - +1 shortbow
rCold   x . .        (shield currently unavailable)
rNeg    . . .        e - +0 ring mail
rPois   inf          b - +1 hat "Ylyib" {Rampage}
rElec   .            j - +2 cloak {Will+}
rCorr   .            (no gloves)
SInv    .            (boots unavailable)
Will    +....        (no amulet)
Stlth   +            d - +6 ring of dexterity
HPRegen 0.28/turn    c - +4 ring of slaying {mikee}
MPRegen 0.00/turn

%: rampage, infuse magic (-2 HP)
@: flying
A: sickness immunity, fire resistance 2, cold vulnerability 1, float, innate
caster, HP casting, extra vitality 1
a: no special abilities


You were on level 5 of the Dungeon.
You visited 1 branch of the dungeon, and saw 5 of its levels.

You collected 121 gold pieces.


Innate Abilities, Weirdness & Mutations

You are immune to sickness and miasma.
You are immune to poison.
Your flesh is very heat resistant. (rF++)
You are vulnerable to cold. (rC-)
You float through the air rather than walking.
You learn spells naturally, not from books.
Your magical power is your life essence.
You have superior vitality. (+4 MHP)


   Skills:
 - Level 4.0 Fighting
 + Level 6.1 Ranged Weapons
 - Level 2.0 Armour
 - Level 4.0 Dodging
 - Level 0.7 Stealth


You knew the following spells:

 Your Spells              Type           Power      Damage    Failure   Level
a - Necrotise             Necr           0%         1d4       65%         1
b - Blink                 Tloc           0%         N/A       80%         2
c - Ensorcelled Hibernat  Hex/Ice        0%         N/A       80%         2
Your spell library was empty.

Inventory:

Hand Weapons
 a - a +1 shortbow (weapon)
Armour
 b - the +1 hat "Ylyib" (worn) {Rampage}
   (You found it on level 4 of the Dungeon)

   Rampage:   It bestows one free step when moving towards enemies.
 e - a +0 ring mail (worn)
 j - a +2 cloak of willpower (worn)
Jewellery
 c - a +4 ring of slaying (right hand) {mikee}
 d - a +6 ring of dexterity (left hand)
Wands
 o - a wand of quicksilver (3)
Scrolls
 l - a scroll of fear {unknown}
Potions
 f - a potion of heal wounds
 g - 2 potions of haste
 h - a potion of might
 i - 2 potions of curing
 k - a potion of enlightenment {unknown}
 n - a potion of cancellation {unknown}
 p - a potion of lignification {unknown}

Dungeon Overview and Level Annotations

Branches:
Dungeon (5/15)
 Temple: D:4-7

Altars:


Message History

The jelly quivers.
The jelly moves out of view.
You shoot an arrow. The arrow hits the jelly!
The jelly is almost dead.
You shoot an arrow. The arrow hits the jelly!
You kill the jelly!
i - 2 potions of curing (gained 1)
Found a stone staircase leading down.
There is a stone staircase leading down here.
You now have 121 gold pieces (gained 7).
An orc comes into view. It is wielding a +0 club.
The orc moves out of view.
Enter note:
Enter note: The orc shouts!
You hear a shout!
An orc warrior comes into view.
It is wielding a +0 glaive of distortion.
You shoot an arrow. The orc warrior shouts!
The arrow hits the orc warrior.
The orc warrior is lightly wounded.
You shoot an arrow.
The arrow barely misses the orc warrior.
You shoot an arrow. The arrow hits the orc warrior.
The orc warrior is moderately wounded.
An orc comes into view. It is wielding a +0 trident.
You shoot an arrow. The arrow hits the orc warrior.
The orc warrior is moderately wounded.
You shoot an arrow.
The arrow hits the orc warrior but does no damage.
The orc warrior is moderately wounded.
You shoot an arrow. The arrow hits the orc warrior.
The orc warrior is heavily wounded.
The orc warrior hits you from afar with a +0 glaive of distortion!
Space warps around you.
You shoot an arrow. The arrow hits the orc warrior.
The orc warrior is severely wounded.
The orc warrior hits you from afar with a +0 glaive of distortion!
Space warps around you.
The orc warrior hits you from afar with a +0 glaive of distortion!
You die...

.. ##........#......#..#
... .........#.#......>#
... .........#.##....#
.... ....###...##.....
..... #.............###
....###...........#...#
. .................###..
#...##.o.........####...
#....o.@..........# #...
.....o.#..........# ##..
......####........# ###
...... ###...#.## .#...
#.###.# ##.. ### ### #.
#.


You could see an orc warrior and 2 orcs.

Vanquished Creatures
  A centaur (D:5)
  2 ogres (D:5)
  A phantom (D:5)
  A scorpion (D:5)
  A bombardier beetle (D:2)
  A hound (D:5)
  A jelly (D:5)
  An iguana (D:4)
  3 gnolls (D:5)
  4 adders
  A shadow imp (D:5)
  4 ribbon worms
  3 dart slugs
  3 orcs (D:3)
  5 ball pythons
  10 bats
  7 endoplasms
  5 giant cockroaches
  5 goblins
  10 hobgoblins
  13 jackals
  3 kobolds
  4 quokkas
  2 frilled lizards (D:2)
  7 rats
98 creatures vanquished.

Notes
Turn   | Place    | Note
-------+----------+-------------------------------------------
     0 | D:1      | qw the Djinni Hunter began the quest for the Orb.
     0 | D:1      | Reached XP level 1. HP: 18/18 MP: 0/0
     0 | D:1      | 0 ||| qw: Version: 0.3-a-135-gb77e89d
     0 | D:1      | 0 ||| qw: Game counter: 885
     0 | D:1      | 0 ||| qw: Melee chars always use a shield: true
     0 | D:1      | 0 ||| qw: God list: Okawaru
     0 | D:1      | 0 ||| qw: Allow faded altars: false
     0 | D:1      | 0 ||| qw: Do Orc after clearing Dungeon:15 true
     0 | D:1      | 0 ||| qw: Do second Lair branch before Depths: true
     0 | D:1      | 0 ||| qw: Lair rune preference: random
     0 | D:1      | 0 ||| qw: Goals: Normal
     0 | D:1      | 0 ||| PLANNING D:1-11
    46 | D:1      | Reached XP level 2. HP: 19/23 MP: 0/0
   308 | D:1      | Reached XP level 3. HP: 23/28 MP: 0/0
   308 | D:1      | Learned a level 1 spell: Necrotise
   310 | D:1      | Reached skill level 4 in Ranged Weapons
   469 | D:1      | Found a faded altar of an unknown god.
   783 | D:1      | 783 ||| UPGRADING to +0 ring mail.
   793 | D:1      | 793 ||| DROPPING +0 leather armour.
   794 | D:1      | 794 ||| READING scroll labelled UTTUICZETU.
   848 | D:1      | 848 ||| READING scroll labelled YDUPNI YLOASU.
   848 | D:1      | 848 ||| IDENTIFYING yellow potion
   849 | D:1      | 849 ||| DRINKING 2 bubbling grey potions.
   850 | D:1      | 850 ||| DROPPING scroll of butterflies.
   851 | D:1      | 851 ||| DROPPING potion of invisibility.
   896 | D:2      | 896 ||| STAIRDANCE
   936 | D:2      | Reached XP level 4. HP: 34/34 MP: 0/0
  1242 | D:2      | Reached skill level 3 in Fighting
  1394 | D:2      | Reached XP level 5. HP: 36/40 MP: 0/0
  1394 | D:2      | Learned a level 2 spell: Blink
  1428 | D:2      | 1428 ||| UPGRADING to +6 ring of dexterity.
  1429 | D:2      | 1429 ||| READING 2 scrolls of identify.
  1429 | D:2      | 1429 ||| IDENTIFYING black potion
  1430 | D:2      | 1430 ||| READING scroll of identify.
  1430 | D:2      | 1430 ||| IDENTIFYING bubbling yellow potion
  1431 | D:2      | 1431 ||| READING scroll labelled KERETH RYSK.
  1532 | D:2      | 1532 ||| READING 2 scrolls labelled LUYLLE COBLEWN.
  1533 | D:2      | 1533 ||| READING scroll labelled RUCAUD JAARCHIGEATH.
  1534 | D:2      | 1534 ||| DROPPING scroll of fog.
  1805 | D:3      | Reached skill level 3 in Dodging
  2032 | D:3      | 2032 ||| UPGRADING to +1 cloak of willpower.
  2037 | D:3      | 2037 ||| UPGRADING to +4 ring of slaying {mikee}.
  2038 | D:3      | 2038 ||| READING scroll labelled VAMELINADI.
  2038 | D:3      | 2038 ||| ENCHANTING +0 shortbow.
  2039 | D:3      | 2039 ||| READING scroll labelled NOBLAI BOFFU.
  2059 | D:4      | Identified the +1 hat "Ylyib" {Rampage}
  2364 | D:4      | Reached XP level 6. HP: 46/46 MP: 0/0
  2455 | D:4      | 2455 ||| UPGRADING to +1 hat "Ylyib" {Rampage}.
  2460 | D:4      | 2460 ||| READING scroll of identify.
  2460 | D:4      | 2460 ||| IDENTIFYING fuming pink potion
  2461 | D:4      | 2461 ||| READING scroll labelled GYLLUG ONU.
  2461 | D:4      | 2461 ||| ENCHANTING +1 cloak of willpower.
  2462 | D:4      | 2462 ||| READING scroll labelled HOSEVU WAROLOW.
  2463 | D:4      | 2463 ||| READING scroll labelled TOFIEBA XEPEHA.
  2479 | D:5      | Entered Level 5 of the Dungeon
  2506 | D:5      | Noticed an ogre
  2510 | D:5      | 2510 ||| RETREEEEATING.
  2512 | D:5      | Killed an ogre
  2513 | D:5      | Reached skill level 5 in Ranged Weapons
  2521 | D:5      | Reached XP level 7. HP: 35/52 MP: 0/0
  2521 | D:5      | Learned a level 2 spell: Ensorcelled Hibernation
  2524 | D:5      | 2524 ||| RETREEEEATING.
  2669 | D:5      | Reached skill level 6 in Ranged Weapons
  2787 | D:5      | HP: 12/52 [orc warrior/+0 glaive of distortion (5)]
  2787 | D:5      | Slain by an orc warrior

Levels and vault maps discovered:
D:1:      shiori_arrival_maze, layout_basic,
          shapermc_ecumenical_altar_flowoftime, minmay_misc_feat_columns
D:2:      layout_basic
D:3:      layout_rooms, nicolae_figureground_sparkle
D:4:      layout_basic, minmay_misc_feat_doors
D:5:      layout_cave_pools, mainiacjoe_overflow_alcove_2

Skill      XL: |  1  2  3  4  5  6  7 |
---------------+----------------------+-----
Ranged Weapons | 4 5 6 |  6.1
Armour         | 2 |  2.0
Fighting       | 3 4 |  4.0
Dodging        | 3 4 |  4.0
Stealth        | |  0.7

Action                     |  1- 3 |  4- 6 |  7- 9 || total
---------------------------+-------+-------+-------++-------
   Fire: Shortbow          |    77 |   174 |    35 ||   286
    Use: Scroll            |     2 |    11 |       ||    13
         Potion            |     1 |       |       ||     1
 Armour: Leather armour    |    12 |       |       ||    12
         Ring mail         |       |    58 |    23 ||    81
  Dodge: Dodged            |    23 |    75 |     6 ||   104

Table legend:
 A = Non-vault XP
 B = Vault XP
 C = Vault XP percentage of total XP
 D = Non-vault monster count
 E = Vault monster count
 F = Vault count percentage of total count
                 A         B        C        D         E       F
            +---------+---------+-------+---------+---------+-------
      Total |     968 |       4 |   0.4 |      96 |       2 |   2.0
            +---------+---------+-------+---------+---------+-------
        D:1 |      43 |       4 |   8.5 |      24 |       2 |   7.7
        D:2 |      95 |       0 |   0.0 |      22 |       0 |   0.0
        D:3 |      56 |       0 |   0.0 |      20 |       0 |   0.0
        D:4 |      83 |       0 |   0.0 |      17 |       0 |   0.0
        D:5 |     691 |       0 |   0.0 |      13 |       0 |   0.0
            +---------+---------+-------+---------+---------+-------
